 Dungeon Crawl Stone Soup version 0.19.1 (webtiles) character file.

579 Patate the Covert (level 7, -3/33 HPs)
             Began as a Spriggan Enchanter on Dec 3, 2016.
             Killed by divine providence
             ... invoked by an orc priest
              (10 damage)
             ... on level 4 of the Dungeon on Dec 4, 2016.
             The game lasted 00:27:00 (7706 turns).

Patate the Covert (Spriggan Enchanter)              Turns: 7706, Time: 00:27:01

Health: -3/33      AC:  4    Str:  4    XL:     7   Next: 13%
Magic:  3/12       EV: 24    Int: 16    God:
Gold:   235        SH:  0    Dex: 17    Spells: 3 memorised, 5 levels left

rFire  . . .     SeeInvis +     n - +3 dagger (speed)
rCold  . . .     Gourm    .     b - +2 robe
rNeg   . . .     Faith    .     (shield restricted)
rPois  .         Spirit   .     (helmet restricted)
rElec  .         Reflect  .     (no cloak)
rCorr  .         Harm     .     (gloves unavailable)
MR     +....                    (boots unavailable)
Stlth  ++++......               (no amulet)
                                (no ring)
                                a - -2 ring of strength (curse)

@: very quick
A: unfitting armour, see invisible, herbivore 3, speed 3, slow metabolism 2
a: no special abilities


You were on level 4 of the Dungeon.
You were not hungry.

You visited 2 branches of the dungeon, and saw 7 of its levels.

You collected 235 gold pieces.

Inventory:

Hand Weapons
 n - a +3 dagger of speed (weapon)
Armour
 b - a +2 robe (worn)
Jewellery
 a - a cursed -2 ring of strength (left hand)
Wands
 s - a wand of heal wounds (7/9)
Scrolls
 e - 3 scrolls of amnesia
 g - a scroll of enchant armour
 i - 2 scrolls of enchant weapon
 j - a scroll of blinking
 k - 2 scrolls of fear
Potions
 f - a potion of heal wounds
 l - a potion of might
 p - a potion of cancellation
 r - 2 potions of lignification {unknown}
 u - 3 potions of berserk rage {unknown}
 v - 2 potions of resistance {unknown}
 w - a potion of beneficial mutation {unknown}
 x - 2 potions of haste {unknown}
Books
 c - a book of Maledictions

   Spells                             Type                      Level
   a - Corona                         Hexes                        1
   b - Ensorcelled Hibernation        Hexes/Ice                    2
   c - Confuse                        Hexes                        3
   d - Tukima's Dance                 Hexes                        3
   e - Dazzling Spray                 Conjuration/Hexes            3
Comestibles
 d - a bread ration


   Skills:
 + Level 1.0 Fighting
 + Level 1.7 Short Blades
 + Level 8.1 Dodging
 - Level 9.1 Stealth
 - Level 2.6 Spellcasting
 - Level 3.6 Hexes


You had 5 spell levels left.
You knew the following spells:

 Your Spells              Type           Power        Failure   Level  Hunger
a - Corona                Hex            ##.....      6%          1    #......
b - Ensorcelled Hibernat  Hex/Ice        #.....       17%         2    ##.....
c - Confuse               Hex            ##......     14%         3    ###....


Dungeon Overview and Level Annotations

Branches:
Dungeon (6/15)             Temple (1/1) D:4

Altars:
Ashenzari
Cheibriados
Elyvilon
Fedhas
Gozag
Hepliaklqana
Kikubaaqudgha
Nemelex Xobeh
Okawaru
Qazlal
Ru
Sif Muna
Trog
Uskayaw
Vehumet
Xom
Zin
The Shining One


Innate Abilities, Weirdness & Mutations

You are very small and have problems with some larger weapons.
You are too small for most types of armour.
You have supernaturally acute eyesight. (SInv)
You are a herbivore.
You cover ground extremely quickly.
You need consume almost no food.


Message History

You hit the orc priest but do no damage.
The orc priest is almost dead.
The orc priest calls down the wrath of Beogh upon you.
Pain shoots through your body!
You hit the orc priest but do no damage.
The orc priest is almost dead.
The orc priest invokes the aid of Beogh against you.
Beogh smites you!
* * * LOW HITPOINT WARNING * * *
You hit the orc priest.
The orc priest is almost dead.
Casting: Ensorcelled Hibernation
Confirm with . or Enter, or press ? or * to list all spells.
Aiming: Confuse
Press: ? - help, Shift-Dir - straight line, f/p - orc priest
Aim: an orc priest, wielding a hand axe (almost dead, chance to defeat MR: 44%)
The orc priest resists with some effort.
The orc priest calls down the wrath of Beogh upon you.
Beogh smites you!
You die...

........#.#.#........#.#...
#######...#.#..#...........
##........#).#........ .
#...##.##....#........ ..
#####............#........ o..
#........?.......#........
..#.####.#####>)..##.#..#........
..#.ooo#.# #.#####.#..#########
.o# #.#.# #.o@..#.#..# ..####o#.#
#####.#.#..# .. #...#.# #.#.#..##
####.###.### #.#.#...#
...........#######'#.#...#
..w..##.##.#.............#
.....##.##.#........###.(###
)....##....#............>..#
.....#######.........##....#


You could see an orc priest.

Vanquished Creatures
  A phantom (D:3)
  2 bullfrog skeletons
  2 orc priests (D:4)
  4 orc wizards
  3 worker ants
  4 gnolls (D:4)
  5 adders
  3 worms (D:3)
  2 leopard geckos
  8 orcs
  12 bats
  2 giant cockroaches
  14 goblins
  7 hobgoblins
  12 jackals
  9 kobolds
  A ball python (D:1)
  2 frilled lizards
  6 rats
99 creatures vanquished.

Notes
Turn   | Place    | Note
-------+----------+-------------------------------------------
     0 | D:1      | Patate the Spriggan Enchanter began the quest for the Orb.
     0 | D:1      | Reached XP level 1. HP: 9/9 MP: 5/5
   567 | D:1      | Reached skill level 5 in Stealth
   567 | D:1      | Reached XP level 2. HP: 5/13 MP: 6/6
   758 | D:1      | Learned a level 2 spell: Ensorcelled Hibernation
  1486 | D:1      | Reached XP level 3. HP: 10/16 MP: 2/8
  2207 | D:2      | Reached skill level 6 in Stealth
  2256 | D:2      | Learned a level 3 spell: Confuse
  2484 | D:2      | Reached XP level 4. HP: 21/21 MP: 9/9
  2552 | D:2      | Reached skill level 5 in Dodging
  3482 | D:3      | Noticed a phantom
  3515 | D:3      | Killed a phantom
  3515 | D:3      | Reached skill level 7 in Stealth
  3515 | D:3      | Reached XP level 5. HP: 20/24 MP: 4/10
  4104 | D:3      | Found a glowing golden altar of the Shining One.
  4250 | D:3      | Reached skill level 8 in Stealth
  4350 | D:4      | Found a staircase to the Ecumenical Temple.
  4355 | Temple   | Entered the Ecumenical Temple
  4884 | D:3      | Reached XP level 6. HP: 28/28 MP: 6/11
  6373 | D:4      | Reached skill level 9 in Stealth
  6905 | D:4      | Reached XP level 7. HP: 31/32 MP: 12/12
  6924 | D:5      | Entered Level 5 of the Dungeon
  6963 | D:5      | Found a shattered altar of Ashenzari.
  7320 | D:5      | Found a stormy altar of Qazlal.
  7685 | D:4      | Reached skill level 1 in Fighting
  7706 | D:4      | Killed from afar by an orc priest

Skill      XL: |  1  2  3  4  5  6  7 |
---------------+----------------------+-----
Stealth        | 5 6 7 8 9 |  9.1
Dodging        | 4 6 8 |  8.1
Fighting       | 1 |  1.0
Short Blades   | |  1.7
Spellcasting   | |  2.6
Hexes          | |  3.6

Action                   |  1- 3 |  4- 6 |  7- 9 || total
-------------------------+-------+-------+-------++-------
Melee: Dagger            |   178 |   246 |    32 ||   456
 Cast: Ensorcelled Hiber |     6 |    53 |     4 ||    63
       Confuse           |       |     6 |     1 ||     7
  Use: Scroll            |       |    16 |       ||    16
 Stab: Sleeping          |    14 |    24 |     1 ||    39
       Distracted        |       |     1 |       ||     1
  Eat: Bread ration      |       |     2 |       ||     2
Armor: Robe              |    13 |     9 |     3 ||    25
Dodge: Dodged            |   145 |   165 |    12 ||   322
